 Dungeon Crawl Stone Soup version 0.30-a0-23-ge60ba3568b (webtiles) character file.

Game seed: 8123697754759093215

100 ytrimaz the Insei (level 4, -5/28 HPs)
             Began as an Octopode Transmuter on Aug 25, 2022.
             Slain by a gnoll
             ... wielding a +0 halberd
              (11 damage)
             ... on level 3 of the Dungeon.
             The game lasted 00:02:43 (2981 turns).

ytrimaz the Insei (Octopode Transmuter)             Turns: 2981, Time: 00:02:43

Health: -5/28      AC:  1    Str: 13    XL:     4   Next: 73%
Magic:  7/7        EV: 13    Int: 16    God:
Gold:   106        SH:  0    Dex: 11    Spells: 4/7 levels left

rFire   . . .      SeeInvis .      - Unarmed
rCold   . . .      Faith    .    (no shield)
rNeg    . . .      Spirit   .    (helmet restricted)
rPois   .          Reflect  .    (no amulet)
rElec   .          Harm     .    (no ring)
rCorr   .          Rampage  .    (no ring)
Will    .....                    (no ring)
Stlth   +++.......               (no ring)
HPRegen 0.09/turn                (no ring)
MPRegen 0.10/turn                (no ring)
                                 (no ring)
                                 (no ring)

@: mighty, brilliant
A: almost no armour, amphibious, 8 rings, camouflage 1, gelatinous body 1,
(nimble swimmer 1), tentacles, strong 1
a: no special abilities


You were on level 3 of the Dungeon.
You visited 1 branch of the dungeon, and saw 3 of its levels.

You collected 106 gold pieces.

Inventory:

Scrolls
 b - 2 scrolls of blinking
 f - a scroll of enchant armour
Potions
 g - a potion of berserk rage {unknown}


   Skills:
 - Level 1.0 Fighting
 - Level 2.0 Dodging
 * Level 4.2 Stealth
 + Level 4.3 Unarmed Combat
 - Level 2.0 Spellcasting
 - Level 2.0 Transmutations


You had 4 spell levels left.
You knew the following spells:

 Your Spells              Type           Power      Damage    Failure   Level
a - Beastly Appendage     Tmut           24%        N/A       9%          1
b - Wereblood             Tmut           12%        N/A       14%         2

Your spell library contained the following spells:

 Spells                   Type           Power      Damage    Failure   Level
 Ensorcelled Hibernation  Hex/Ice        4%         N/A       30%         2
 Spider Form              Tmut/Pois      7%         N/A       38%         3
 Ice Form                 Ice/Tmut       7%         N/A       80%         4
 Anguish                  Hex/Necr       1%         N/A       90%         4


Dungeon Overview and Level Annotations

Branches:
Dungeon (3/15)

Altars:


Innate Abilities, Weirdness & Mutations

You cannot wear most types of armour.
You are amphibious.
You can wear up to eight rings at the same time.
Your skin changes colour to match your surroundings (Stealth+).
Your rubbery body absorbs attacks. (AC +1, EV +1)
((You are camouflaged when in or above water. (Stealth+)))
You have tentacles for arms and can constrict up to eight enemies at once.
Your muscles are strong. (Str +4, Int/Dex -1)


Message History

Unknown command.
Okay, then.
It was a potion of brilliance.
You feel clever all of a sudden. The gnoll misses you.
Unknown command.
You tentacle-slap the gnoll but do no damage.
Your grab misses the gnoll.
Your tentacle spike misses the gnoll.
Your squeeze misses the gnoll. The gnoll closely misses you.
The gnoll hits you from afar with a +0 halberd!
You tentacle-slap the gnoll. You grab the gnoll.
The gnoll is moderately wounded.
You constrict the gnoll. The gnoll closely misses you.
The gnoll hits you with a +0 club.
You tentacle-slap the gnoll. x2
The gnoll is severely wounded.
You constrict the gnoll, but do no damage.
The gnoll closely misses you. x2
Unknown command.
It was a potion of curing.
You feel better.
You constrict the gnoll. The gnoll hits you with a +0 club.
The gnoll hits you from afar with a +0 halberd.
* * * LOW HITPOINT WARNING * * *
Unknown command.
It was a potion of mutation.
You feel extremely strange.
You feel stronger.
Your tentacle spike disappears.
You constrict the gnoll. The gnoll misses you. The gnoll barely misses you.
Unknown command.
It was a potion of might.
You feel very mighty all of a sudden.
You constrict the gnoll.
You kill the gnoll!
The gnoll closely misses you.
You barely miss the orc. You grab the orc. You constrict the orc.
The gnoll misses you. The orc barely misses you.
You bludgeon the orc!
You kill the orc!
The gnoll hits you from afar with a +0 halberd!
You die...

. o.## o.## # ...# <.###
#g.## ....## #.g###
#..#####)..#
###########.....@.>.#
................[...#
###########.............
##############


You could see a gnoll.

Vanquished Creatures
  2 gnolls (D:3)
  2 adders
  3 worms (D:2)
  An orc (D:3)
  8 endoplasms
  4 giant cockroaches
  3 goblins
  5 hobgoblins
  2 quokkas
  6 ball pythons
  5 bats
  2 frilled lizards
  5 kobolds
  7 rats
55 creatures vanquished.

Vanquished Creatures (others)
  7 plants (D:2)
7 creatures vanquished.

Grand Total: 62 creatures vanquished

Notes
Turn   | Place    | Note
-------+----------+-------------------------------------------
     0 | D:1      | ytrimaz the Octopode Transmuter began the quest for the
                  | Orb.
     0 | D:1      | Reached XP level 1. HP: 13/13 MP: 3/3
    52 | D:1      | Reached skill level 1 in Stealth
    54 | D:1      | Reached XP level 2. HP: 4/18 MP: 5/5
   861 | D:1      | Reached XP level 3. HP: 17/23 MP: 4/6
  2117 | D:2      | Reached XP level 4. HP: 26/28 MP: 5/7
  2473 | D:3      | Found a faded altar of an unknown god.
  2966 | D:3      | Learned a level 2 spell: Wereblood
  2978 | D:3      | Gained mutation: Your muscles are strong. (Str +4, Int/Dex
                  | -1) [potion of mutation]
  2981 | D:3      | Slain by a gnoll

Illustrated notes

Levels and vault maps discovered:
D:1:      dpeg_arrival_line_fractal, layout_rooms, minmay_pentomino_r2
D:2:      layout_basic, serial_forest, infiniplex_forest_straight_4,
          infiniplex_forest_straight_2, infiniplex_forest_end_2,
          infiniplex_forest_clump_curved, infiniplex_forest_straight_2,
          infiniplex_forest_clump_curved, infiniplex_forest_straight_2,
          infiniplex_forest_corner_2, infiniplex_forest_end_double,
          infiniplex_forest_split
D:3:      layout_rooms, hellmonk_ecumenical_altar_arch_garden,
          minmay_misc_feat_cross, minmay_fractal_squares_diagonal_5

Skill      XL: |  1  2  3  4 |
---------------+-------------+-----
Stealth        | 1 2 3 4 |  4.2
Unarmed Combat | 4 |  4.3
Fighting       | |  1.0
Dodging        | |  2.0
Spellcasting   | |  2.0
Transmutations | |  2.0

Action                   |  1- 3 |  4- 6 || total
-------------------------+-------+-------++-------
Melee: Unarmed           |    85 |    25 ||   110
       Constrict         |    22 |     5 ||    27
       Tentacles         |    19 |     2 ||    21
       Kick              |    16 |     4 ||    20
       Punch             |     2 |     1 ||     3
 Cast: Beastly Appendage |    23 |     8 ||    31
  Use: Potion            |     1 |     4 ||     5
       Scroll            |     3 |     3 ||     6
 Stab: Sleeping          |     9 |     3 ||    12
       Distracted        |     1 |       ||     1
Armor: Skin              |    33 |     1 ||    34
Dodge: Dodged            |    52 |    18 ||    70

Table legend: (Time is in decaauts)
 A = Elapsed time spent in this place.
 B = Non-inter-level travel time spent in this place.
 C = Inter-level travel time spent in this place.
 D = Time resting spent in this place.
 E = Time spent auto-exploring this place.
 F = Levels seen in this place.
 G = Mean time per level.
                   A        B        C        D        E       F      G
               +--------+--------+--------+--------+--------+-----+--------+
         Total |   2972 |   2921 |     51 |      0 |   2490 |   3 |  990.7 |
       Dungeon |   2972 |   2921 |     51 |      0 |   2490 |   3 |  990.7 |
               +--------+--------+--------+--------+--------+-----+--------+

Top non-repeatable levels by time:
     D:2: 1494 daAuts
     D:1: 963 daAuts
     D:3: 515 daAuts
